 Dungeon Crawl Stone Soup version 0.24-a0-355-gbe4061de67 (webtiles) character file.

Game seed: 4567826208789967549

39 MisterOstroum the Twirler (level 3, 0/34 HPs)
             Began as a Naga Gladiator on May 24, 2019.
             Slain by an adder (2 damage)
             ... on level 2 of the Dungeon.
             The game lasted 00:03:47 (1254 turns).

MisterOstroum the Twirler (Naga Gladiator)          Turns: 1254, Time: 00:03:47

Health: 0/34       AC:  3    Str: 17    XL:     3   Next: 45%
Magic:  3/3        EV: 10    Int:  8    God:
Gold:   12         SH:  0    Dex: 12    Spells: 2/2 levels left

rFire    . . .     SeeInvis +   a - +0 quarterstaff
rCold    . . .     Gourm    .   (shield currently unavailable)
rNeg     . . .     Faith    .   b - +0 leather armour
rPois    +         Spirit   .   c - +0 helmet
rElec    .         Reflect  .   (no cloak)
rCorr    .         Harm     .   (no gloves)
MR       .....                  (no barding)
Stlth    +.........             (no amulet)
HPRegen  0.11/turn              (no ring)
MPRegen  0.08/turn              (no ring)

@: lethally poisoned (0 -> -3), very slow
A: large, see invisible, deformed body, poison resistance, slowness 2, slow
metabolism 1, spit poison 1, AC +1
a: Spit Poison


You were on level 2 of the Dungeon.
You were hungry.

You visited 1 branch of the dungeon, and saw 2 of its levels.

You collected 12 gold pieces.

Inventory:

Hand Weapons
 a - a +0 quarterstaff (weapon)
 i - a +2 dagger of speed
 k - a +0 hand axe of freezing
Missiles
 d - 3 throwing nets {!f}
 h - 22 stones (quivered)
 p - 20 poisoned darts
Armour
 b - a +0 leather armour (worn)
 c - a +0 helmet (worn)
Jewellery
 o - an uncursed ring of protection from fire {unknown}
Scrolls
 g - a scroll of remove curse {unknown}
 j - 2 scrolls of enchant armour {unknown}
 l - a scroll of teleportation {unknown}
 m - a scroll of fog {unknown}
Potions
 f - 2 potions of mutation {unknown}
 n - a potion of invisibility {unknown}
 q - a potion of curing {unknown}
 r - a potion of flight {unknown}
Comestibles
 e - 2 rations


   Skills:
 + Level 3.0 Fighting
 + Level 3.7 Staves
 - Level 1.7 Throwing
 - Level 2.4 Dodging


You had 2 spell levels left.
You didn't know any spells.
Your spell library was empty.

Dungeon Overview and Level Annotations

Branches:
Dungeon (2/15)

Altars:


Innate Abilities, Weirdness & Mutations

You cannot wear boots.
Your serpentine skin is tough. (AC +1)
You have supernaturally acute eyesight. (SInv)
Armour fits poorly on your strangely shaped body.
Your system is resistant to poisons. (rPois)
You cover ground very slowly.
You have a slow metabolism.
You can spit poison.


Message History

h - 23 stones (gained 2)
There is a stone staircase leading down here.
You see here a +0 whip.
You see here a club.
There is an open gate here.
There is an open door here.
There is an open door here.
You open the door.
There is an open door here.
Done exploring.
Done exploring.
Done exploring.
Done exploring.
Press: ? - help, v - describe, . - travel The floor.
Why would you want to do that?
Unknown command.
Why would you want to do that?
Unknown command.
There is an open door here.
Press: ? - help, v - describe, . - travel A stone wall.
(D) Dungeon
Where to? (? - help)
There is an open door here.
You are feeling hungry.
(D) Dungeon
Where to? (Enter - D:2, ? - help)
There is an open door here.
There is an open door here.
There is an open gate here.
You see here a club.
You see here a +0 whip.
There is a stone staircase leading down here.
You climb downwards.
Found a runed rapier.
Found an escape hatch in the ceiling.
There is a stone staircase leading up here.
An adder and a kobold come into view.
The kobold shouts!
The adder hisses angrily.
Throwing (i - inventory. (/) - cycle)
h - 23 stones (quivered)
Press: ? - help, Shift-Dir - straight line, f - adder
Aim: an adder You throw a stone.
The stone misses the adder.
You hit the adder.
The adder is heavily wounded.
The adder closely misses you.
You barely miss the adder.
The adder is heavily wounded.
The adder bites you.
You closely miss the adder.
The adder is heavily wounded.
The adder closely misses you. The kobold hits you but does no damage.
The adder bites you. The kobold completely misses you.
You hit the adder but do no damage.
The adder is moderately wounded.
The adder completely misses you. The kobold hits you.
You closely miss the adder.
The adder is moderately wounded.
The adder bites you. The kobold completely misses you. The adder bites you.
You miss the adder.
The adder is moderately wounded.
The adder bites you. The kobold hits you but does no damage.
You miss the adder.
The adder is moderately wounded.
The adder bites you. The kobold hits you. The adder barely misses you.
You are too injured to fight recklessly!
You miss the adder.
The adder is moderately wounded.
An ooze comes into view.
The adder closely misses you. The kobold closely misses you.
The ooze quivers.
You hit the adder but do no damage.
The adder is moderately wounded.
The adder closely misses you. The kobold barely misses you.
The adder bites you.
You are poisoned.
The adder poisons you!
You miss the adder.
The adder is moderately wounded.
You feel sick. The kobold barely misses you. The adder completely misses you.
You closely miss the adder.
The adder is moderately wounded.
The adder bites you. The kobold misses you.
You hit the adder.
The adder is heavily wounded.
You feel sick. The adder bites you. The kobold hits you.
* * * LOW HITPOINT WARNING * * *
The adder closely misses you.
You miss the adder.
The adder is heavily wounded.
The kobold hits you.
* * * LOW HITPOINT WARNING * * *
The adder bites you.
* * * LOW HITPOINT WARNING * * *
The kobold hits you.
* * * LOW HITPOINT WARNING * * *
You hit the adder.
The adder is almost dead.
The adder bites you.
You die...

##### ###...# #
.....#.# #
#...#.#.#.#
#.........#
#..<<#
#....##..
#@........
#)JSK..##.##
.........# .#
.............
..
#.###......#...
. # #......##..
#....... ..
####..##.


You could see an ooze, an adder and a kobold.

Vanquished Creatures
  4 leopard geckos (D:1)
  5 bats (D:1)
  2 giant cockroaches (D:1)
  A goblin (D:1)
  4 hobgoblins (D:1)
  4 jackals (D:1)
  5 kobolds (D:1)
  A ball python (D:1)
  2 frilled lizards (D:1)
  4 rats (D:1)
32 creatures vanquished.

Notes
Turn   | Place    | Note
-------+----------+-------------------------------------------
     0 | D:1      | MisterOstroum the Naga Gladiator began the quest for the
                  | Orb.
     0 | D:1      | Reached XP level 1. HP: 19/19 MP: 1/1
   203 | D:1      | Reached XP level 2. HP: 24/27 MP: 2/2
   552 | D:1      | Reached XP level 3. HP: 33/33 MP: 3/3
  1254 | D:2      | Slain by an adder

Levels and vault maps discovered:
D:1:      shiori_arrival_elements, layout_basic, minmay_vboxes
D:2:      layout_basic, gammafunk_temple_overflow_arena, lemuel_crystal_altar,
          first_ration, hex_large, hangedman_decor_clover_reticule

Skill      XL: |  1  2  3 |
---------------+----------+-----
Fighting       | 3 |  3.0
Staves         | |  3.7
Throwing       | |  1.7
Dodging        | |  2.4

Action                   || total
-------------------------++-------
Melee: Quarterstaff      ||    89
Throw: Stone             ||    35
 Abil: Spit Poison       ||     4
Armor: Leather armour    ||    38
Dodge: Dodged            ||    63

Table legend:
 A = Non-vault XP
 B = Vault XP
 C = Vault XP percentage of total XP
 D = Non-vault monster count
 E = Vault monster count
 F = Vault count percentage of total count
                 A         B        C        D         E       F
            +---------+---------+-------+---------+---------+-------
      Total |      50 |       6 |  10.7 |      29 |       3 |   9.4
            +---------+---------+-------+---------+---------+-------
        D:1 |      50 |       6 |  10.7 |      29 |       3 |   9.4
            +---------+---------+-------+---------+---------+-------
